 Dungeon Crawl Stone Soup version 0.28-a0-1002-gf00fe891ef (webtiles) character file.

Game seed: 8767940817966170034

333 ytrimaz the Insei (level 6, -8/34 HPs)
             Began as an Octopode Chaos Knight on Dec 7, 2021.
             Was a Believer of Qazlal.
             Killed by divine providence
             ... invoked by an orc priest
              (14 damage)
             ... on level 4 of the Dungeon.
             The game lasted 00:05:25 (3759 turns).

ytrimaz the Insei (Octopode Chaos Knight)           Turns: 3759, Time: 00:05:25

Health: -8/34      AC:  1    Str: 11    XL:     6   Next: 52%
Magic:  8/8        EV: 14    Int: 17    God:    Qazlal [**....]
Gold:   264        SH:  2    Dex: 11    Spells: 5/8 levels left

rFire   . . .      SeeInvis .     - Unarmed
rCold   . . .      Faith    .   (no shield)
rNeg    . . .      Spirit   .   (helmet restricted)
rPois   +          Reflect  .   (no amulet)
rElec   .          Harm     .   (no ring)
rCorr   .          Rampage  .   (no ring)
Will    .....                   (no ring)
Stlth   ++........              (no ring)
HPRegen 0.11/turn               (no ring)
MPRegen 0.11/turn               (no ring)
                                (no ring)
                                (no ring)

@: no status effects
A: almost no armour, amphibious, 8 rings, camouflage 1, gelatinous body 1,
(nimble swimmer 1), tentacles, tentacle spike 1, frail 2, poison resistance,
screaming 1, MP-powered wands
a: Renounce Religion, Upheaval


You were on level 4 of the Dungeon.
You worshipped Qazlal.
Qazlal was pleased with you.
You visited 1 branch of the dungeon, and saw 4 of its levels.

You collected 264 gold pieces.

Inventory:

Scrolls
 g - a scroll of blinking
Potions
 a - a potion of magic {unknown}
 c - 3 potions of lignification
 d - a potion of might {unknown}
 e - a potion of brilliance {unknown}
 f - 3 potions of attraction
 h - 2 potions of heal wounds {unknown}
 i - a potion of mutation {unknown}
 j - a potion of berserk rage {unknown}
 k - a potion of curing {unknown}


   Skills:
 + Level 3.7 Fighting
 * Level 4.3 Dodging
 + Level 5.0 Unarmed Combat
 * Level 1.8 Spellcasting


You had 5 spell levels left.
You knew the following spells:

 Your Spells              Type           Power      Damage    Failure   Level
a - Spider Form           Tmut/Pois      1%         N/A       52%         3

Your spell library contained the following spells:

 Spells                   Type           Power      Damage    Failure   Level
 Ensorcelled Hibernation  Hex/Ice        2%         N/A       30%         2


Dungeon Overview and Level Annotations

Branches:
Dungeon (4/15)
 Temple: D:4-7

Altars:
Makhleb
Qazlal
Vehumet

Shops:
D:2 ?:([

Annotations:
D:4 2 transporters, bearlyready's ghost, amateur DrCj


Innate Abilities, Weirdness & Mutations

You cannot wear most types of armour.
You are amphibious.
You can wear up to eight rings at the same time.
Your skin changes colour to match your surroundings (Stealth+).
Your rubbery body absorbs attacks. (AC +1, EV +1)
((You are camouflaged near water. (Stealth+)))
You have tentacles for arms and can constrict up to eight enemies at once.
One of your tentacles bears a spike.
You are very frail. (-20% HP)
Your system is resistant to poisons. (rPois)
You occasionally shout uncontrollably at your foes.
You expend magic power (3 MP) to strengthen your wands.


Message History

The orc priest moves out of view.
You hear a shout!
You see here a scroll of amnesia.
An orc priest comes into view. It is wielding a +0 flail.
The orc priest invokes the aid of Beogh against you.
Beogh smites you!
You tentacle-slap the orc priest. Your grab misses the orc priest.
You pierce the orc priest, but do no damage.
The orc priest is lightly wounded.
Unknown command.
You tentacle-slap the orc priest. Your grab misses the orc priest.
You pierce the orc priest.
The orc priest is severely wounded.
The orc priest looks satisfied for a moment.
The adder bites you.
You barely miss the orc priest. You grab the orc priest.
The orc priest is severely wounded.
You constrict the orc priest. The orc priest barely misses you.
The adder is engulfed in blazing flames.
The adder bites you.
Unknown command.
You bludgeon the orc priest!
You kill the orc priest!
Qazlal accepts your kill. The orc hits you with a +0 hand axe.
The adder is engulfed in blazing flames.
You kill the adder!
Qazlal accepts your kill.
Your Unarmed Combat skill increases to level 5!
The orc hits you with a +0 hand axe.
Unknown command.
Unknown command.
The orc priest miscasts a cantrip.
The orc priest calls down the wrath of Beogh upon you.
Beogh smites you!
* * * LOW HITPOINT WARNING * * *
Found a transporter.
The orc priest calls down the wrath of Beogh upon you.
Beogh smites you!
You die...

.>..............#.....# ...
................###########.
...
.........................)..
###
...................?........
.........................>..
######.#########.....)......
#.# #ooo.o....<.. #.##
#.####....... #..# ####@#
.......
##.#####....###........
#..................... .
#..≈≈≈≈≈≈≈≈≈≈≈...≈≈≈≈≈ ≈≈
#..≈≈≈≈≈≈≈≈≈≈≈. ≈≈≈≈ ≈≈≈
#..≈≈#####..... ##≈
#..≈≈#...#.###.© ..#≈
#..≈≈#...###©#### ..#≈
#..≈≈###.... . ###≈


You could see an orc priest and an orc.

Vanquished Creatures
  A necrophage (D:4)
  An ogre (D:3)
  A crimson imp (D:4)
  An orc priest (D:4)
  2 adders
  4 worms
  2 dart slugs
  5 orcs
  4 bats
  2 endoplasms (D:3)
  9 goblins
  6 hobgoblins
  6 kobolds
  4 quokkas
  3 ball pythons
  5 frilled lizards
  3 rats
59 creatures vanquished.

Vanquished Creatures (others)
  A plant (D:2)
  5 toadstools (D:1)
6 creatures vanquished.

Grand Total: 65 creatures vanquished

Notes
Turn   | Place    | Note
-------+----------+-------------------------------------------
     0 | D:1      | ytrimaz the Octopode Chaos Knight began the quest for the
                  | Orb.
     0 | D:1      | Reached XP level 1. HP: 16/16 MP: 1/1
   256 | D:1      | XOM: potion effect (berserk rage)
   292 | D:1      | Reached XP level 2. HP: 20/21 MP: 2/2
   466 | D:1      | XOM: divination: detect creatures
   568 | D:1      | XOM: silly message
   838 | D:1      | XOM: god gift: staff of death
   853 | D:1      | XOM: smoke on damage
   859 | D:1      | Reached XP level 3. HP: 14/26 MP: 3/3
  1029 | D:2      | Found Kiselorch's Antique Armour Boutique.
  1211 | D:2      | Found Neryirr's Book Shoppe.
  1214 | D:2      | XOM: give mutations
  1214 | D:2      | Gained mutation: You are partially covered in iridescent
                  | scales. (AC +2) [Xom's grace]
  1214 | D:2      | Gained mutation: You are agile. (Dex +2) [Xom's grace]
  1227 | D:2      | Found Gatz's Magic Scroll Emporium.
  1310 | D:2      | Found a faded altar of an unknown god.
  1324 | D:2      | XOM: give mutations
  1324 | D:2      | Gained mutation: Your system is resistant to poisons.
                  | (rPois) [Xom's grace]
  1324 | D:2      | Gained mutation: Your spells are a little harder to cast,
                  | but a little more powerful. [Xom's grace]
  1324 | D:2      | Gained mutation: One of your tentacles bears a spike.
                  | [Xom's grace]
  1339 | D:2      | Prayed at the altar of an unknown god.
  1339 | D:2      | Fell from the grace of Xom
  1339 | D:2      | Became a worshipper of Qazlal Stormbringer
  1339 | D:2      | Reached * piety under Qazlal
  1582 | D:2      | Found Coirof Niat's Weapon Emporium.
  1801 | D:2      | XOM: give mutations
  1801 | D:2      | Gained mutation: Your body sometimes deteriorates upon
                  | taking damage. [Xom's mischief]
  1801 | D:2      | Lost mutation: Your body sometimes deteriorates upon taking
                  | damage. [Xom's mischief]
  1801 | D:2      | Lost mutation: Your spells are a little harder to cast, but
                  | a little more powerful. [Xom's mischief]
  1857 | D:3      | Reached XP level 4. HP: 31/31 MP: 4/4
  2164 | D:3      | Learned a level 3 spell: Spider Form
  2171 | D:3      | XOM: cloud trail
  2188 | D:3      | Noticed an ogre
  2225 | D:3      | Killed an ogre
  2226 | D:3      | Reached skill level 4 in Unarmed Combat
  2226 | D:3      | Reached skill level 1 in Spellcasting
  2226 | D:3      | Reached XP level 5. HP: 36/36 MP: 4/6
  2353 | D:3      | XOM: give mutations
  2353 | D:3      | Gained mutation: You expend magic power (3 MP) to
                  | strengthen your wands. [Xom's mischief]
  2353 | D:3      | Lost mutation: You are agile. (Dex +2) [Xom's mischief]
  2353 | D:3      | Gained mutation: You are dopey. (Int -2) [Xom's mischief]
  2353 | D:3      | Gained mutation: You are frail. (-10% HP) [Xom's mischief]
  2463 | D:3      | Reached ** piety under Qazlal
  2548 | D:3      | XOM: noise
  3258 | D:4      | Found a burning altar of Makhleb.
  3259 | D:4      | Found a radiant altar of Vehumet.
  3479 | D:4      | Identified the +0 pair of gloves of the Red Skies {rN+}
  3557 | D:4      | Noticed a necrophage
  3562 | D:4      | Killed a necrophage
  3563 | D:4      | Reached XP level 6. HP: 30/38 MP: 8/8
  3659 | D:4      | Noticed bearlyready's ghost (amateur DrCj)
  3685 | D:4      | Found a transporter.
  3688 | D:4      | XOM: give mutations
  3688 | D:4      | Lost mutation: You are partially covered in iridescent
                  | scales. (AC +2) [Xom's mischief]
  3688 | D:4      | Gained mutation: You are very frail. (-20% HP) [Xom's
                  | mischief]
  3688 | D:4      | Lost mutation: You are dopey. (Int -2) [Xom's mischief]
  3688 | D:4      | Gained mutation: You occasionally shout uncontrollably at
                  | your foes. [Xom's mischief]
  3755 | D:4      | Reached skill level 5 in Unarmed Combat
  3759 | D:4      | Found a transporter.
  3759 | D:4      | Killed from afar by an orc priest

Illustrated notes

Levels and vault maps discovered:
D:1:      erik_arrival_blinker_ship, layout_rooms, minmay_misc_feat_tower,
          minmay_gold_behind_fungi, grunt_decor_mini_mirrors
D:2:      layout_loops_ring, shapermc_ecumenical_altar_mp_urbaneastern,
          serial_shops, shop, shop, shop, nicolae_shop_hallway_stairs
D:3:      layout_basic, st_stairs_1, grunt_ministairs_14, lemuel_old_faithful
D:4:      layout_gridville, grunt_temple_overflow_lords_of_destruction,
          minitemple, gammafunk_ghost_gnarly_gnolls, uniq_grinder

Skill      XL: |  1  2  3  4  5  6 |
---------------+-------------------+-----
Dodging        | 3 4 |  4.3
Unarmed Combat | 4 5 |  5.0
Spellcasting   | 1 |  1.8
Fighting       | |  3.7

Action                   |  1- 3 |  4- 6 || total
-------------------------+-------+-------++-------
Melee: Unarmed           |    74 |    66 ||   140
       Constrict         |    22 |    16 ||    38
       Tentacles         |    10 |    18 ||    28
       Punch             |     1 |     4 ||     5
       Kick              |     6 |    22 ||    28
  Use: Scroll            |     3 |     7 ||    10
       Potion            |       |     1 ||     1
 Stab: Sleeping          |     4 |       ||     4
       Petrified         |       |     4 ||     4
       Paralysed         |       |     1 ||     1
Armor: Skin              |     5 |     6 ||    11
Dodge: Dodged            |    51 |    36 ||    87
Block: Other             |     1 |     5 ||     6

Table legend: (Time is in decaauts)
 A = Elapsed time spent in this place.
 B = Non-inter-level travel time spent in this place.
 C = Inter-level travel time spent in this place.
 D = Time resting spent in this place.
 E = Time spent auto-exploring this place.
 F = Levels seen in this place.
 G = Mean time per level.
                   A        B        C        D        E       F      G
               +--------+--------+--------+--------+--------+-----+--------+
         Total |   3764 |   3718 |     46 |    141 |   3004 |   4 |  941.0 |
       Dungeon |   3764 |   3718 |     46 |    141 |   3004 |   4 |  941.0 |
               +--------+--------+--------+--------+--------+-----+--------+

Top non-repeatable levels by time:
     D:3: 1159 daAuts
     D:1: 1040 daAuts
     D:2: 818 daAuts
     D:4: 747 daAuts
